 Dungeon Crawl Stone Soup version 0.21.0-3-g78d12a8 (webtiles) character file.

9035 raph the Spear-Bearer (level 11, 0/84 HPs)
             Began as a Merfolk Gladiator on Jan 14, 2018.
             Was a High Priest of Okawaru.
             Slain by a six-headed hydra (4 damage)
             ... on level 11 of the Dungeon.
             The game lasted 00:31:32 (12229 turns).

raph the Spear-Bearer (Merfolk Gladiator)          Turns: 12229, Time: 00:31:33

Health: 0/84       AC: 11    Str: 12 (15) XL:     11   Next: 40%
Magic:  0/17       EV: 22    Int:  7 (8)  God:    Okawaru [*****.]
Gold:   543        SH:  7    Dex: 17 (18) Spells: 7/18 levels left

rFire    . . .     SeeInvis .   a - +1 spear (pierce)
rCold    . . .     Gourm    .   A - +0 buckler
rNeg     . . .     Faith    .   o - +0 troll leather armour
rPois    .         Spirit   +   c - +1 helmet
rElec    .         Reflect  .   (no cloak)
rCorr    .         Harm     .   l - +0 pair of gloves
MR       +....                  v - +1 pair of boots
Stlth    ++++......             F - amulet of guardian spirit
HPRegen  0.64/turn              y - ring of stealth
MPRegen  0.15/turn              C - ring of protection from magic

@: about to teleport, heroism
A: change form in water, swift swim, stealthy swim
a: Heroism, Finesse, Renounce Religion


You were on level 11 of the Dungeon.
You worshipped Okawaru.
Okawaru was extremely pleased with you.
You were not hungry.

You visited 2 branches of the dungeon, and saw 12 of its levels.

You collected 543 gold pieces.

Inventory:

Hand Weapons
 a - a +1 spear of piercing (weapon)
 m - a +0 trident
 p - a +0 trident of protection
Missiles
 d - a throwing net
 j - 6 tomahawks of returning
 k - 5 javelins (quivered)
 n - 2 tomahawks
Armour
 c - a +1 helmet (worn)
 l - a +0 pair of gloves (worn)
 o - a +0 troll leather armour (worn)
 v - a +1 pair of boots (worn)
 x - a +0 shield
 A - a +0 buckler (worn)
Magical Staves
 q - an uncursed staff of poison
 E - an uncursed staff of summoning
Jewellery
 h - an uncursed ring of protection from cold
 y - a ring of stealth (left hand)
 C - a ring of protection from magic (right hand)
 F - an amulet of guardian spirit (around neck)
Scrolls
 g - 2 scrolls of immolation
 i - 2 scrolls of amnesia
 D - 5 scrolls of magic mapping
Potions
 t - 3 potions of degeneration
 u - a potion of haste {unknown}
 w - 2 potions of mutation {unknown}
 z - a potion of cancellation {unknown}
 I - 2 potions of flight {unknown}
Books
 e - a book of Air

   Spells                             Type                      Level
   a - Shock                          Conjuration/Air              1
   b - Swiftness                      Charms/Air                   2
   c - Static Discharge               Conjuration/Air              3
   d - Airstrike                      Air                          4
   e - Lightning Bolt                 Conjuration/Air              5
 G - a book of Debilitation

   Spells                             Type                      Level
   a - Corona                         Hexes                        1
   b - Slow                           Hexes                        2
   c - Inner Flame                    Hexes/Fire                   3
   d - Portal Projectile              Hexes/Translocation          3
   e - Cause Fear                     Hexes                        4
   f - Leda's Liquefaction            Hexes/Earth                  4
 H - a book of Necromancy

   Spells                             Type                      Level
   a - Pain                           Necromancy                   1
   b - Animate Skeleton               Necromancy                   1
   c - Vampiric Draining              Necromancy                   3
   d - Regeneration                   Charms/Necromancy            3
   e - Animate Dead                   Necromancy                   4
   f - Borgnjor's Vile Clutch         Necromancy/Earth             5
Comestibles
 b - 8 chunks of flesh
 f - 18 rations


   Skills:
 + Level 7.5(12.5) Fighting
 + Level 12.6(17.6) Polearms
 - Level 2.0(7.0) Throwing
 + Level 4.3(9.3) Armour
 + Level 9.4(14.4) Dodging
 - Level 6.0(11.0) Shields
 + Level 4.1 Spellcasting
 * Level 3.7 Charms
 * Level 4.3 Necromancy
 + Level 2.6 Invocations


You had 7 spell levels left.
You knew the following spells:

 Your Spells              Type           Power        Failure   Level  Hunger
a - Corona                Hex            #......      36%         1    ##.....
b - Animate Skeleton      Necr           N/A          6%          1    ##.....
c - Pain                  Necr           #...         6%          1    ##.....
d - Regeneration          Chrm/Necr      #.........   22%         3    ####...
e - Swiftness             Chrm/Air       #.......     26%         2    ###....
f - Vampiric Draining     Necr           #.........   19%         3    ####...


Dungeon Overview and Level Annotations

Branches:
Dungeon (11/15)            Temple (1/1) D:4
   Lair: D:8-11         Orc: D:9-12

Altars:
Ashenzari
Cheibriados
Dithmenos
Elyvilon
Fedhas
Gozag
Hepliaklqana
Kikubaaqudgha
Makhleb
Nemelex Xobeh
Okawaru
Qazlal
Ru
Sif Muna
Trog
Uskayaw
Vehumet
Wu Jian
Xom
Yredelemnul
Zin
The Shining One

Shops:
D:5 (   D:10 (

Annotations:
D:8 Erica
D:10 exclusion: obsidian statue


Message History

The six-headed hydra bites you.
* * * LOW HITPOINT WARNING * * *
It was a potion of degeneration.
There was something very wrong with that liquid.
You feel weakened.
You feel dopey.
You feel clumsy.
You block the six-headed hydra's attack.
The six-headed hydra bites you.
* * * LOW HITPOINT WARNING * * *
You block the six-headed hydra's attack.
The six-headed hydra closely misses you.
The six-headed hydra misses you. The six-headed hydra barely misses you.
As you read the scroll of teleportation, it crumbles to dust.
You feel strangely unstable.
The six-headed hydra bites you but does no damage.
The six-headed hydra closely misses you.
You block the six-headed hydra's attack.
The six-headed hydra bites you!
* * * LOW HITPOINT WARNING * * *
The six-headed hydra bites you.
You die...

... #.# #.. #.##
#..# #..#
####..#######.#
#oD@...<......#
####o##..#########
#####..%.....#
#(.%%..)).##.#
#.###.##..##.# #.#
#.##..##.# #.#
#.##..##.# #.#
#.##.....# #.#
#.##.....


You could see a six-headed hydra, an orc warrior and an orc wizard.

Vanquished Creatures
  3 two-headed ogres
  A tengu warrior (D:9)
  Joseph (D:9)
  A centaur zombie (D:11)
  2 trolls
  A queen bee (D:9)
  Grinder (D:3)
  4 hippogriffs
  Sigmund (D:3)
  Grum (D:9)
  6 yaks
  Duvessa (D:7)
  An ice beast (D:10)
  An orc warrior (D:10)
  2 black bears
  A necrophage (D:7)
  2 ogres
  3 wolves (D:9)
  2 centaurs
  2 big kobolds
  A bullfrog (D:9)
  Dowan (D:7)
  15 killer bees
  3 howler monkeys (D:10)
  5 crimson imps
  2 quasits
  8 hounds
  A bullfrog skeleton (D:4)
  3 orc priests
  3 orc wizards (D:7)
  3 iguanas
  A worker ant (D:10)
  A hound skeleton (D:10)
  2 worker ant zombies
  6 gnolls
  A howler monkey skeleton (D:10)
  7 adders
  3 river rats (D:3)
  A shadow imp (D:5)
  3 oozes
  An adder zombie (D:9)
  An adder skeleton (D:5)
  4 worms
  A dart slug (D:1)
  2 leopard geckos
  19 orcs
  3 ball pythons
  4 giant cockroaches
  4 goblins
  8 hobgoblins
  6 quokkas
  7 bats
  4 frilled lizards
  A giant cockroach zombie (D:5)
  13 kobolds
  A quokka skeleton (D:4)
  6 rats
192 creatures vanquished.

Vanquished Creatures (collateral kills)
  A killer bee (D:10)
  A bullfrog zombie (D:10)
  A bullfrog skeleton (D:10)
  An iguana (D:10)
4 creatures vanquished.

Grand Total: 196 creatures vanquished

Notes
Turn   | Place    | Note
-------+----------+-------------------------------------------
     0 | D:1      | raph the Merfolk Gladiator began the quest for the Orb.
     0 | D:1      | Reached XP level 1. HP: 16/16 MP: 1/1
   219 | D:1      | Reached XP level 2. HP: 23/23 MP: 2/2
   222 | D:1      | Reached skill level 5 in Polearms
   656 | D:1      | Reached XP level 3. HP: 27/28 MP: 3/3
  1530 | D:2      | Reached XP level 4. HP: 34/34 MP: 4/4
  1708 | D:2      | Reached skill level 6 in Polearms
  2113 | D:3      | Noticed Sigmund
  2134 | D:3      | Killed Sigmund
  2134 | D:3      | Reached skill level 7 in Polearms
  2134 | D:3      | Reached skill level 5 in Dodging
  2134 | D:3      | Reached XP level 5. HP: 19/42 MP: 5/5
  2134 | D:3      | Reached XP level 6. HP: 22/48 MP: 6/6
  2526 | D:3      | Found a shadowy altar of Dithmenos.
  2588 | D:3      | Noticed Grinder
  2595 | D:3      | Paralysed by Grinder for 5 turns
  2618 | D:3      | Paralysed by Grinder for 3 turns
  2634 | D:3      | Killed Grinder
  2634 | D:3      | Reached skill level 8 in Polearms
  2634 | D:3      | Reached skill level 1 in Shields
  2634 | D:3      | Reached XP level 7. HP: 34/54 MP: 7/7
  3213 | D:4      | Found a staircase to the Ecumenical Temple.
  3220 | Temple   | Entered the Ecumenical Temple
  3381 | Temple   | Became a worshipper of Warmaster Okawaru
  3858 | D:5      | Entered Level 5 of the Dungeon
  3906 | D:5      | Found Atifoaw's Weapon Boutique.
  3928 | D:5      | Reached skill level 1 in Armour
  5558 | D:6      | Reached skill level 9 in Polearms
  5558 | D:6      | Reached XP level 8. HP: 40/61 MP: 8/8
  5720 | D:6      | Noticed a hippogriff
  5742 | D:6      | Killed a hippogriff
  5742 | D:6      | Reached * piety under Okawaru
  6175 | D:7      | Reached skill level 5 in Fighting
  6218 | D:7      | Noticed Duvessa
  6218 | D:7      | Noticed Dowan
  6250 | D:7      | Killed Duvessa
  6255 | D:7      | Killed Dowan
  6258 | D:7      | Reached skill level 10 in Polearms
  6463 | D:7      | Learned a level 1 spell: Corona
  6540 | D:7      | Found a radiant altar of Vehumet.
  6801 | D:7      | Noticed a two-headed ogre
  6829 | D:7      | Killed a two-headed ogre
  6829 | D:7      | Reached ** piety under Okawaru
  6829 | D:7      | Reached skill level 5 in Shields
  6829 | D:7      | Reached XP level 9. HP: 17/69 MP: 1/9
  7163 | D:7      | Learned a level 1 spell: Animate Skeleton
  7304 | D:8      | Noticed Erica
  7337 | D:8      | HP: 3/69 [something/bolt of poison (19)]
  7764 | D:7      | Reached skill level 11 in Polearms
  7846 | D:8      | Found a sparkling altar of Nemelex Xobeh.
  7846 | D:8      | Noticed Joseph
  7882 | D:9      | Killed Joseph
  7882 | D:9      | Reached *** piety under Okawaru
  7882 | D:9      | Reached skill level 1 in Spellcasting
  7882 | D:9      | Reached skill level 1 in Necromancy
  7892 | D:9      | Noticed Grum
  8244 | D:9      | Found an ornate altar of the Wu Jian Council.
  8308 | D:9      | Noticed a queen bee
  8354 | D:9      | Reached XP level 10. HP: 21/75 MP: 4/12
  9086 | D:9      | Noticed a two-headed ogre
  9108 | D:9      | Killed a two-headed ogre
  9108 | D:9      | Reached **** piety under Okawaru
  9108 | D:9      | Received a gift from Okawaru
  9108 | D:9      | Reached skill level 12 in Polearms
  9239 | D:9      | Killed Grum
  9542 | D:9      | Found a shimmering altar of Xom.
  9553 | D:9      | Found a hide-covered altar of Uskayaw.
  9620 | D:9      | Found a basalt altar of Yredelemnul.
  9640 | D:10     | Entered Level 10 of the Dungeon
  9640 | D:10     | Noticed a tengu warrior
  9668 | D:9      | Learned a level 1 spell: Pain
  9672 | D:9      | Learned a level 3 spell: Regeneration
  9675 | D:9      | Learned a level 2 spell: Swiftness
  9726 | D:9      | Reached skill level 1 in Invocations
 10059 | D:9      | Killed a tengu warrior
 10059 | D:9      | Reached skill level 1 in Charms
 10144 | D:9      | Learned a level 3 spell: Vampiric Draining
 10182 | D:10     | Noticed a two-headed ogre
 10230 | D:10     | Killed a two-headed ogre
 10230 | D:10     | Reached XP level 11. HP: 59/84 MP: 2/16
 10333 | D:10     | Reached ***** piety under Okawaru
 11151 | D:10     | Found a blossoming altar of Fedhas.
 11319 | D:10     | Noticed an obsidian statue
 11479 | D:10     | Found Ymoil's Antique Weapon Boutique.
 12200 | D:11     | Noticed a six-headed hydra
 12229 | D:11     | HP: 4/84 [six-headed hydra (10)]
 12229 | D:11     | Slain by a six-headed hydra

Skill      XL: |  1  2  3  4  5  6  7  8  9 10 11 |
---------------+----------------------------------+-----
Polearms       | 5 7 8 9 10 11 12 | 12.6
Fighting       | 3 4 5 6 7 |  7.5
Dodging        | 5 6 7 8 9 |  9.4
Shields        | 1 3 5 6 |  6.0
Armour         | 1 2 3 4 |  4.3
Spellcasting   | 1 3 4 |  4.1
Necromancy     | 1 3 4 |  4.3
Invocations    | 2 |  2.6
Charms         | 2 3 |  3.7
Throwing       | |  2.0

Action                   |  1- 3 |  4- 6 |  7- 9 | 10-12 || total
-------------------------+-------+-------+-------+-------++-------
Melee: Trident           |    29 |       |       |       ||    29
       Spear             |    63 |   102 |   502 |   671 ||  1338
Throw: Throwing net      |       |     2 |       |     1 ||     3
       Tomahawk          |       |       |     4 |     3 ||     7
 Cast: Animate Skeleton  |       |       |       |    19 ||    19
       Regeneration      |       |       |       |     6 ||     6
       Vampiric Draining |       |       |       |     3 ||     3
       Corona            |       |       |       |     2 ||     2
       Swiftness         |       |       |       |     1 ||     1
Invok: Heroism           |       |       |     6 |    12 ||    18
  Use: Scroll            |       |       |    21 |     2 ||    23
       Potion            |       |       |     5 |     4 ||     9
 Stab: Distracted        |       |     1 |       |     1 ||     2
       Sleeping          |       |     1 |    14 |     1 ||    16
  Eat: Chunk             |     2 |     3 |    11 |     6 ||    22
       Ration            |       |       |     2 |     4 ||     6
Armor: Ring mail         |    19 |    18 |    79 |    27 ||   143
       Leather armour    |     1 |       |       |       ||     1
       Troll leather arm |       |       |       |    70 ||    70
Dodge: Dodged            |    44 |    35 |   188 |   395 ||   662
Block: Shield            |       |     5 |    39 |       ||    44
       Buckler           |       |       |    61 |   159 ||   220
